 Dungeon Crawl Stone Soup version 0.21.1-1-g345015f (webtiles) character file.

5067 kae the Cleaver (level 10, -2/90 HPs)
             Began as a Hill Orc Fighter on June 16, 2018.
             Was a Believer of Beogh.
             Slain by a hornet (13 damage)
             ... on level 8 of the Dungeon.
             The game lasted 00:10:00 (8243 turns).

kae the Cleaver (Hill Orc Fighter)                  Turns: 8243, Time: 00:10:00

Health: -2/90      AC: 13    Str: 23    XL:     10   Next: 56%
Magic:  14/14      EV: 12    Int:  8    God:    Beogh [**....]
Gold:   331        SH:  0    Dex: 10    Spells: 9/9 levels left

rFire    x . .     SeeInvis .   C - +0 battleaxe (freeze)
rCold    + . .     Gourm    .   (shield currently unavailable)
rNeg     . . .     Faith    .   b - +0 scale mail
rPois    +         Spirit   .   m - +0 helmet
rElec    .         Reflect  .   y - +1 cloak
rCorr    .         Harm     .   s - +0 pair of gloves
MR       .....                  (no boots)
Stlth    ..........             (no amulet)
HPRegen  0.25/turn              o - ring of ice
MPRegen  0.14/turn              q - ring of poison resistance

@: no status effects
A: no striking features
a: Smiting, Renounce Religion


You were on level 8 of the Dungeon.
You worshipped Beogh.
Beogh was pleased with you.
You were not hungry.

You visited 1 branch of the dungeon, and saw 8 of its levels.
You also visited: Sewer.

You collected 415 gold pieces.
You spent 84 gold pieces at shops.

Inventory:

Hand Weapons
 a - a +1 war axe
 B - a +0 battleaxe
 C - a +0 battleaxe of freezing (weapon)
Armour
 b - a +0 scale mail (worn)
 c - a +0 shield
 m - a +0 helmet (worn)
 s - a +0 pair of gloves (worn)
 y - a +1 cloak (worn)
Jewellery
 o - a ring of ice (left hand)
 q - a ring of poison resistance (right hand)
Wands
 d - a wand of enslavement (13)
 l - a wand of polymorph (11)
 w - a wand of iceblast (7)
 G - a wand of disintegration (12)
Scrolls
 e - 7 scrolls of remove curse
 g - a scroll of immolation {unknown}
 h - 4 scrolls of blinking
 n - a scroll of teleportation
 p - 4 scrolls of enchant armour
 r - a scroll of enchant weapon
 z - 3 scrolls of fear
 D - 4 scrolls of identify
 F - a scroll of amnesia {unknown}
Potions
 i - 2 potions of curing
 j - a potion of ambrosia {unknown}
 k - 3 potions of haste
 t - 6 potions of flight
 u - 2 potions of degeneration {unknown}
 x - 2 potions of cancellation
 A - 3 potions of berserk rage {unknown}
 E - a potion of agility
Books
 v - a book of Frost

   Spells                             Type                      Level
   a - Freeze                         Ice                          1
   b - Throw Frost                    Conjuration/Ice              2
   c - Ozocubu's Armour               Charms/Ice                   3
   d - Throw Icicle                   Conjuration/Ice              4
   e - Summon Ice Beast               Ice/Summoning                4
Comestibles
 f - 15 rations
 H - 3 chunks of flesh


   Skills:
 + Level 8.6 Fighting
 * Level 12.0 Axes
 + Level 7.8 Armour
 + Level 5.3 Dodging
 - Level 3.4 Shields
 + Level 5.8 Invocations


You had 9 spell levels left.
You didn't know any spells.

Dungeon Overview and Level Annotations

Branches:
Dungeon (8/15)             Temple (0/1) D:5
   Lair: D:8-11

Altars:
Fedhas
Gozag
Hepliaklqana
Kikubaaqudgha
Trog
Vehumet

Shops:
D:5 }   D:7 *

Portals:
Bailey: D:8


Message History

The hornet stings you.
* * * LOW HITPOINT WARNING * * *
The worker ant waves its antennae.
You closely miss the hornet.
The hornet is almost dead.
The hornet stings you but does no damage.
The orc warrior misses you.
The hornet stings you but does no damage.
Okay, then.
Evoke which item? (* to show all) (? for menu, Esc to quit)
Okay, then.
You barely miss the hornet.
The hornet is almost dead.
The hornet barely misses you.
The orc warrior hits you from afar with a glaive.
* * * LOW HITPOINT WARNING * * *
You closely miss the hornet.
The hornet is almost dead.
The hornet stings you!
You die...

#######.......#.>#.####
#.........#.#.....
#.........#.######
#F........#.#
#H#######.#.#
#a#######.#.######
#o#...............
#y#.#####.#.###### #@#
#.#.# # #.# #.#.# #.#
#.#.# #.# ..#.# #.#
###.# #.# #.# #.# #.#


You could see a hippogriff, a hornet, an orc warrior, a bullfrog and a worker
ant.

Vanquished Creatures
  A two-headed ogre (D:8)
  Pikel (D:6)
  A troll (D:8)
  The ghost of Bnni the Grasshopper, an amateur GnWr (D:3)
  Eustachio (D:4)
  An ice beast (D:8)
  An orc warrior (D:6)
  2 phantoms
  4 ogres
  3 centaurs
  A big kobold (Sewer)
  5 bullfrogs
  A gnoll sergeant (D:6)
  3 scorpions
  3 killer bees (D:7)
  2 howler monkeys
  13 wights
  4 crimson imps
  A centaur zombie (D:7)
  A hound (D:8)
  5 orc priests
  Crazy Yiuf (D:3)
  5 orc wizards
  An iguana (D:6)
  Jessica (D:3)
  4 worker ants
  3 hound skeletons
  A worker ant zombie (D:7)
  15 gnolls
  3 river rats
  7 adders
  3 shadow imps
  7 oozes (Sewer)
  2 adder skeletons
  4 worms
  4 dart slugs
  A leopard gecko (D:3)
  24 orcs
  5 bats
  4 giant cockroaches
  8 goblins
  5 hobgoblins
  4 jackals (D:6)
  12 kobolds
  2 quokkas
  4 ball pythons
  6 frilled lizards
  A giant cockroach zombie (D:6)
  A leopard gecko skeleton (D:4)
  12 rats
205 creatures vanquished.

Vanquished Creatures (others)
  3 slaves (D:6)
  A killer bee (D:6)
  A hound (D:6)
  A gnoll (D:5)
6 creatures vanquished.

Grand Total: 211 creatures vanquished

Notes
Turn   | Place    | Note
-------+----------+-------------------------------------------
     0 | D:1      | kae the Hill Orc Fighter began the quest for the Orb.
     0 | D:1      | Reached XP level 1. HP: 19/19 MP: 1/1
    91 | D:1      | Reached skill level 3 in Axes
   234 | D:1      | Reached XP level 2. HP: 21/27 MP: 2/2
   853 | D:1      | Reached XP level 3. HP: 29/33 MP: 3/3
  1356 | D:2      | Found an opulent altar of Gozag.
  1561 | D:2      | Found an ancient bone altar of Kikubaaqudgha.
  1889 | D:3      | Reached skill level 4 in Axes
  1892 | D:3      | Noticed Jessica
  1898 | D:3      | Killed Jessica
  1898 | D:3      | Reached XP level 4. HP: 36/40 MP: 4/4
  1917 | D:3      | Reached skill level 1 in Dodging
  2060 | D:3      | Reached XP level 5. HP: 47/47 MP: 5/5
  2095 | D:3      | Noticed Bnni's ghost (amateur GnWr)
  2991 | D:3      | Killed Bnni's ghost
  2991 | D:3      | Reached skill level 6 in Axes
  2991 | D:3      | Reached XP level 6. HP: 42/55 MP: 6/6
  3220 | D:3      | Found a runed door.
  3271 | D:3      | Noticed Crazy Yiuf
  3277 | D:3      | Killed Crazy Yiuf
  3277 | D:3      | Reached skill level 5 in Fighting
  3371 | D:4      | Reached XP level 7. HP: 60/61 MP: 7/7
  3500 | D:4      | Found a glowing drain.
  3598 | Sewer    | Entered a sewer
  3644 | Sewer    | Reached skill level 5 in Armour
  3696 | Sewer    | Reached skill level 7 in Axes
  4020 | D:4      | Found a bloodstained altar of Trog.
  4131 | D:4      | Noticed Eustachio
  4145 | D:4      | Killed Eustachio
  4145 | D:4      | Reached skill level 8 in Axes
  4145 | D:4      | Reached XP level 8. HP: 60/70 MP: 8/8
  4237 | D:5      | Entered Level 5 of the Dungeon
  4441 | D:5      | Found Moreh's Gadget Emporium.
  4538 | D:5      | Became a worshipper of Beogh the Brigand
  4923 | D:5      | Found a staircase to the Ecumenical Temple.
  5059 | D:6      | Found a hazy altar of Hepliaklqana.
  5133 | D:6      | Reached skill level 9 in Axes
  5133 | D:6      | Reached skill level 1 in Invocations
  5208 | D:6      | Reached XP level 9. HP: 11/78 MP: 10/10
  5211 | D:6      | HP: 2/78 [gnoll/spear (9)]
  5423 | D:6      | Noticed Pikel
  5432 | D:6      | Killed Pikel
  5432 | D:6      | Reached skill level 10 in Axes
  5552 | D:6      | Reached * piety under Beogh
  6769 | D:7      | Reached ** piety under Beogh
  6774 | D:7      | Reached skill level 11 in Axes
  7386 | D:7      | Reached XP level 10. HP: 87/88 MP: 13/13
  7451 | D:7      | Found Cuesuymp's General Store.
  7576 | D:7      | Bought a scroll of identify for 28 gold pieces
  7576 | D:7      | Bought a potion of agility for 56 gold pieces
  7693 | D:7      | Found a blossoming altar of Fedhas.
  7700 | D:7      | Reached skill level 5 in Invocations
  7840 | D:7      | Found a radiant altar of Vehumet.
  7840 | D:7      | Found an opulent altar of Gozag.
  8010 | D:8      | Noticed a two-headed ogre
  8021 | D:7      | Reached skill level 5 in Dodging
  8169 | D:8      | Found a flagged portal.
  8210 | D:8      | Noticed a two-headed ogre
  8222 | D:8      | Killed a two-headed ogre
  8222 | D:8      | Reached skill level 12 in Axes
  8243 | D:8      | Slain by a hornet

Skill      XL: |  1  2  3  4  5  6  7  8  9 10 |
---------------+-------------------------------+-----
Axes           | 3 4 6 8 9 11 12 | 12.0
Fighting       | 4 5 6 7 8 |  8.6
Dodging        | 1 2 3 4 5 |  5.3
Armour         | 4 5 6 7 |  7.8
Invocations    | 2 4 5 |  5.8
Shields        | |  3.4

Action                   |  1- 3 |  4- 6 |  7- 9 | 10-12 || total
-------------------------+-------+-------+-------+-------++-------
Melee: War axe           |   110 |   116 |   206 |       ||   432
       Battleaxe         |       |       |   181 |   107 ||   288
Invok: Convert to Beogh  |       |       |     1 |       ||     1
  Use: Scroll            |       |     9 |     3 |       ||    12
       Potion            |       |       |     7 |     2 ||     9
  Eat: Chunk             |     3 |     2 |    10 |     3 ||    18
       Ration            |       |     1 |     1 |       ||     2
Armor: Scale mail        |    44 |    32 |   192 |    51 ||   319
Dodge: Dodged            |    41 |    28 |   210 |   107 ||   386
Block: Shield            |    43 |    38 |    64 |       ||   145
